 Dungeon Crawl Stone Soup version 0.28-a0-1117-g0bdd5ba030 (webtiles) character file.

Game seed: 1618942106206914059

1246 blank1 the Basher (level 8, -8/73 (74) HPs)
             Began as a Minotaur Fighter on Dec 11, 2021.
             Mangled by a gargoyle (10 damage)
             ... on level 7 of the Dungeon.
             The game lasted 00:08:07 (4640 turns).

blank1 the Basher (Minotaur Fighter)                Turns: 4640, Time: 00:08:08

HP:   -8/73 (74)    AC: 10    Str: 22    XL:     8   Next: 25%
MP:   7/7           EV: 11    Int:  5    God:
Gold: 155           SH:  9    Dex: 11    Spells: 7/7 levels left

rFire   . . .      SeeInvis .   a - +0 flail
rCold   . . .      Faith    .   n - +0 kite shield
rNeg    . . .      Spirit   .   r - +0 chain mail
rPois   .          Reflect  .   (helmet restricted)
rElec   .          Harm     .   i - +0 cloak
rCorr   .          Rampage  .   (no gloves)
Will    .....                   (no boots)
Stlth   ..........              (no amulet)
HPRegen 0.22/turn               f - +4 ring of evasion
MPRegen 0.10/turn               e - ring of flight

@: flying, lightly drained
A: horns 2, retaliatory headbutt
a: no special abilities


You were on level 7 of the Dungeon.
You visited 1 branch of the dungeon, and saw 5 of its levels.
You also visited: Sewer.

You collected 155 gold pieces.

Inventory:

Hand Weapons
 a - a +0 flail (weapon)
Armour
 i - a +0 cloak (worn)
 n - a +0 kite shield (worn)
 r - a +0 chain mail (worn)
Jewellery
 e - a ring of flight (right hand)
 f - a +4 ring of evasion (left hand)
 h - a ring of positive energy
Wands
 b - a wand of mindburst (10)
 d - a wand of flame (9)
 g - a wand of iceblast (8)
Scrolls
 k - 2 scrolls of fear
 o - 5 scrolls of teleportation
 p - a scroll of fog
 q - a scroll of magic mapping {unknown}
Potions
 c - a potion of degeneration {unknown}
 j - a potion of lignification {unknown}
 l - a potion of heal wounds {unknown}
 m - 3 potions of flight {unknown}


   Skills:
 - Level 8.0 Fighting
 - Level 8.0 Maces & Flails
 + Level 4.8 Armour
 + Level 3.1 Dodging
 + Level 4.8 Shields


You had 7 spell levels left.
You didn't know any spells.
Your spell library contained the following spells:

 Spells                   Type           Power      Damage    Failure   Level
 Pain                     Necr           0%         1d4       100%        1
 Frozen Ramparts          Ice            0%         1d2       100%        3
 Ozocubu's Armour         Ice            0%         N/A       100%        3
 Agony                    Necr           0%         N/A       100%        5
 Excruciating Wounds      Necr           0%         N/A       100%        5
 Metabolic Englaciation   Hex/Ice        0%         N/A       100%        5
 Simulacrum               Ice/Necr       0%         N/A       100%        6


Dungeon Overview and Level Annotations

Branches:
Dungeon (4/15)              Sewer (visited)
 Temple: D:4-7

Altars:
Trog
The Shining One


Innate Abilities, Weirdness & Mutations

You have a pair of horns on your head.
You reflexively headbutt those who attack you in melee.


Message History

You are too injured to fight recklessly!
Your shield and chain mail prevent you from hitting the gargoyle.
The gargoyle hurls a stone arrow at you.
The stone arrow hits you! The gargoyle hits you with a +0 mace.
* * * LOW HITPOINT WARNING * * *
You hit the gargoyle but do no damage. You headbutt the gargoyle.
The gargoyle is lightly damaged.
You block the gargoyle's attack.
You hit the gargoyle but do no damage.
The gargoyle is lightly damaged.
The gargoyle hurls a stone arrow at you.
The stone arrow hits you!
* * * LOW HITPOINT WARNING * * *
You barely miss the gargoyle. Your headbutt misses the gargoyle.
The gargoyle is lightly damaged.
The gargoyle closely misses you. You furiously retaliate!
You headbutt the gargoyle, but do no damage.
You barely miss the gargoyle.
You headbutt the gargoyle, but do no damage.
The gargoyle is lightly damaged.
The gargoyle closely misses you.
You completely miss the gargoyle.
The gargoyle is lightly damaged.
The gargoyle hurls a stone arrow at you.
You block the stone arrow. You block the gargoyle's attack.
You sock the gargoyle!
The gargoyle is moderately damaged.
The gargoyle hits you but does no damage.
You barely miss the gargoyle.
The gargoyle is moderately damaged.
The gargoyle hurls a stone arrow at you.
The stone arrow hits you!
* * * LOW HITPOINT WARNING * * *
You hit the gargoyle.
The gargoyle is heavily damaged.
You block the gargoyle's attack.
You barely miss the gargoyle.
The gargoyle is heavily damaged.
The gargoyle hits you with a +0 mace!
You die...

#..... ##.... .#
##..$.. #.# ..
#.....###..# ..
..###.)...#...# .
...#.........# .
.......9...# ##
........@.# .###
#......)##
...#######......##
#......#....##...#
..##.........#...#
#####........##..#
##..##.....#..## #
#.>####....##..###
# ##..#
##.........###


You could see a gargoyle.

Vanquished Creatures
  Grinder (D:3)
  A sky beast (D:7)
  An ogre (D:3)
  A phantom (D:4)
  2 kobold brigands (Sewer)
  2 bullfrogs (D:7)
  2 scorpions
  2 wights (D:7)
  A bullfrog zombie (D:4)
  An orc wizard (D:4)
  A killer bee zombie (D:7)
  Robin (D:4)
  3 river rats (Sewer)
  7 adders
  A shadow imp (D:7)
  2 adder skeletons (D:4)
  2 worms
  4 dart slugs
  3 orcs
  15 ball pythons
  7 bats
  6 endoplasms
  6 giant cockroaches
  17 goblins
  12 hobgoblins
  15 kobolds
  11 quokkas
  3 frilled lizards
  10 rats
140 creatures vanquished.

Vanquished Creatures (others)
  4 plants (D:1)
4 creatures vanquished.

Grand Total: 144 creatures vanquished

Notes
Turn   | Place    | Note
-------+----------+-------------------------------------------
     0 | D:1      | blank1 the Minotaur Fighter began the quest for the Orb.
     0 | D:1      | Reached XP level 1. HP: 19/19 MP: 0/0
    60 | D:1      | Reached XP level 2. HP: 18/27 MP: 1/1
   565 | D:1      | Noticed a golden eye
   569 | D:1      | Noticed a great orb of eyes
   574 | D:1      | Found a faded altar of an unknown god.
   576 | D:1      | Noticed an eye of devastation
   576 | D:1      | Noticed a shining eye
   626 | D:1      | Reached skill level 1 in Dodging
   803 | D:1      | Reached XP level 3. HP: 28/33 MP: 2/2
  1332 | D:2      | Reached XP level 4. HP: 40/40 MP: 3/3
  1817 | D:3      | Found a bloodstained altar of Trog.
  1930 | D:3      | Found a glowing golden altar of the Shining One.
  2016 | D:3      | Noticed an ogre
  2022 | D:3      | Killed an ogre
  2023 | D:3      | Reached XP level 5. HP: 47/47 MP: 4/4
  2070 | D:3      | Found a glowing drain.
  2074 | D:3      | Reached skill level 5 in Maces & Flails
  2077 | Sewer    | Entered a sewer
  2109 | Sewer    | Reached skill level 5 in Fighting
  2243 | Sewer    | Reached XP level 6. HP: 52/56 MP: 5/5
  2882 | D:3      | Noticed Grinder
  2904 | D:3      | Paralysed by Grinder for 2 turns
  2907 | D:3      | Killed Grinder
  2908 | D:3      | Reached XP level 7. HP: 47/64 MP: 6/6
  3337 | D:4      | Noticed Robin
  3344 | D:4      | Killed Robin
  3639 | D:4      | Got the Handbook of Snow
  4028 | D:4      | You are sucked into a shaft and drop 3 floors!
  4075 | D:7      | Reached XP level 8. HP: 65/74 MP: 7/7
  4622 | D:7      | Noticed a gargoyle
  4638 | D:7      | HP: 2/73 [gargoyle/stone arrow (12)]
  4640 | D:7      | Mangled by a gargoyle

Illustrated notes

Levels and vault maps discovered:
D:1:      lightli_arrival_lavapool, layout_loops_cross, serial_bayou,
          serial_bayou_lagoon_a, serial_bayou_pond_d, serial_bayou_crossing,
          serial_bayou_pond_e, hellmonk_ecumenical_altar_watching_god
D:2:      cheibrodos_greedy_goblins, layout_loops_cross
D:3:      layout_rooms, lemuel_round_altar, mainiacjoe_overflow_tiny_flanked,
          gup_sewer_entry_spiral, minmay_quantized, uniq_grinder
D:4:      layout_loops_corners, serial_shops, nicolae_lakefront_shop,
          minmay_checkerbox, uniq_edmund, uniq_crazy_yiuf_cottage, uniq_robin
D:7:      layout_layer_cave, minmay_misc_feat_square, grunt_decor_cap

Skill      XL: |  1  2  3  4  5  6  7  8 |
---------------+-------------------------+-----
Dodging        | 1 2 3 |  3.1
Shields        | 4 |  4.8
Armour         | 4 |  4.8
Fighting       | 4 5 6 8 |  8.0
Maces & Flails | 3 4 5 6 8 |  8.0

Action                   |  1- 3 |  4- 6 |  7- 9 || total
-------------------------+-------+-------+-------++-------
Melee: Flail             |   104 |   110 |   133 ||   347
       Headbutt          |    11 |    18 |    18 ||    47
  Use: Scroll            |       |     5 |     1 ||     6
       Potion            |       |     1 |       ||     1
Armor: Scale mail        |    49 |    22 |       ||    71
       Chain mail        |       |       |    44 ||    44
Dodge: Dodged            |    57 |    48 |    59 ||   164
Block: Buckler           |    30 |     4 |       ||    34
       Kite shield       |       |    46 |    53 ||    99

Table legend: (Time is in decaauts)
 A = Elapsed time spent in this place.
 B = Non-inter-level travel time spent in this place.
 C = Inter-level travel time spent in this place.
 D = Time resting spent in this place.
 E = Time spent auto-exploring this place.
 F = Levels seen in this place.
 G = Mean time per level.
                   A        B        C        D        E       F      G
               +--------+--------+--------+--------+--------+-----+--------+
         Total |   4749 |   4643 |    106 |    571 |   2845 |   6 |  791.5 |
       Dungeon |   3982 |   3876 |    106 |    428 |   2410 |   5 |  796.4 |
         Sewer |    767 |    767 |      0 |    143 |    435 |   1 |  767.0 |
               +--------+--------+--------+--------+--------+-----+--------+

Top non-repeatable levels by time:
     D:1: 1033 daAuts
     D:3: 1007 daAuts
     D:2: 798 daAuts
   Sewer: 767 daAuts
     D:7: 622 daAuts
     D:4: 520 daAuts
